Map: Lost and Found LE

Players

Rhizer

  • Race: Protoss Protoss
  • Spawn Location: 7:00

Epic - Winner!

  • Race: Terran Terran
  • Spawn Location: 1:00

Event: WCS Austin 2018

VOD

Have the link to the VOD?

Description

Time

  • Played on: June 1, 2018, 1:38 p.m.
  • Length: 10:29

All games in this series

Show
View Real Time Build Order
Export as new Build Order

Rhizer Protoss 

Build Orders: 1 Gate Expand 

Get SALT Encoding   

  12  0:00  Probe  
  13  0:13  Probe  
  14  0:17  Pylon  
  14  0:24  Probe  
  15  0:32  Probe  
  15  0:38  Gateway  
  15  0:40  Probe  
  16  0:46  Assimilator  
  17  0:51  Probe  
  18  1:03  Probe  
  19  1:15  Probe  
  20  1:25  Nexus  
  20  1:35  Cybernetics Core  
  20  1:36  Probe  
  21  1:44  Assimilator  
  21  1:48  Probe  
  22  1:56  Pylon  
  22  2:00  Probe  
  23  2:05  Adept  
  23  2:11  Probe  
  23  2:12  Warp Gate  
  26  2:19  Probe  
  26  2:27  Stalker  
  26  2:28  Probe  
  29  2:37  Probe  
  29  2:40  Probe  
  30  2:49  Probe  
  30  2:52  Stalker, Probe  
  30  2:53  Robotics Facility  
  33  3:03  Probe  
  34  3:09  Probe  
  35  3:13  Pylon  
  35  3:15  Probe  
  36  3:21  Probe  
  36  3:25  Stalker  
  40  3:27  Probe  
  40  3:33  Probe  
  41  3:36  Shield Battery  
  41  3:39  Probe  
  42  3:45  Probe  
  43  3:50  Twilight Council  
  43  3:51  Probe  
  44  3:57  Probe  
  44  4:01  Assimilator  
  45  4:02  Assimilator  
  45  4:03  Probe  
  45  4:09  Probe  
  47  4:11  Observer  
  47  4:15  Probe  
  47  4:21  Gateway, Probe  
  47  4:23  Gateway  
  48  4:25  Observer  
  48  4:27  Probe  
  49  4:33  Probe  
  49  4:35  Pylon  
  51  4:39  Probe  
  51  4:40  Sentry  
  51  4:44  Pylon  
  54  4:50  Blink  
  54  4:52  Pylon  
  54  4:53  Immortal, Probe x2  
  54  4:59  Robotics Bay  
  60  5:05  Nexus  
  60  5:14  Sentry  
  60  5:16  Probe x2  
  64  5:26  Observer  
  65  5:28  Probe  
  65  5:32  Immortal  
  65  5:34  Probe  
  65  5:35  Stalker  
  69  5:45  Gateway, Extended Thermal Lance  
  69  5:49  Gateway, Probe x2  
  71  5:56  Stalker x2  
  75  5:58  Observer  
  75  6:05  Colossus  
  73  6:11  Probe x2  
  80  6:25  Stalker, Sentry  
  84  6:26  Adept  
  84  6:28  Probe  
  84  6:48  Probe  
  85  6:59  Pylon  
  85  7:03  Pylon, Forge  
  85  7:05  Forge  
  85  7:06  Charge, Pylon  
  85  7:07  Pylon  
  85  7:16  Warp Prism  
  85  7:17  Probe x3  
  85  7:20  Zealot  
  85  7:22  Zealot, Sentry x2  
  96  7:23  Zealot  
  96  7:29  Probe x2  
  102  7:35  Pylon  
  102  7:45  Stalker x2  
  102  7:47  Zealot  
  102  7:51  Stalker  
  102  8:05  Pylon  
  101  8:17  Zealot x2  
  101  8:18  Forge  
  105  8:20  Colossus  
  105  8:24  Probe  
  108  8:27  Pylon  
  108  8:28  Pylon  
  108  8:32  Probe  
  109  8:43  Pylon  
  109  8:45  Pylon  
  109  8:46  Pylon, Probe  
  109  8:47  Pylon  
  110  8:49  Stalker x3  
  114  9:01  Gateway  
  113  9:03  Dark Shrine  
  113  9:05  Gateway  
  113  9:09  Sentry x2  
  117  9:16  Observer  
  117  9:18  Zealot x2  
  117  9:20  Zealot  
  123  9:29  Pylon  
  123  9:31  Pylon  
  123  9:36  Warp Prism  
  123  9:44  Stalker x2  
  123  9:45  Stalker x3  
  72  10:26  Dark Templar x4  
Show
View Real Time Build Order
Export as new Build Order

Epic Terran - Winner!

Build Orders: Reaper Expand, MMM Bio 

Get SALT Encoding   

  12  0:00  SCV  
  13  0:12  SCV  
  14  0:17  Supply Depot  
  14  0:24  SCV  
  15  0:38  SCV  
  15  0:40  Barracks  
  16  0:44  Refinery  
  16  0:50  SCV  
  17  1:02  SCV  
  18  1:15  SCV  
  19  1:28  Orbital Command, Reaper  
  20  1:41  Command Center  
  20  1:53  SCV  
  21  1:55  Barracks  
  21  2:00  Barracks Reactor  
  21  2:05  SCV  
  21  2:07  Refinery  
  22  2:12  Supply Depot  
  22  2:18  SCV  
  23  2:26  Factory  
  23  2:33  SCV  
  23  2:39  Marine x2  
  23  2:42  Barracks Tech Lab  
  25  2:46  SCV  
  26  2:58  SCV  
  27  3:01  Marine x3  
  27  3:02  Orbital Command  
  30  3:08  Stimpack  
  30  3:11  SCV  
  31  3:20  Starport  
  31  3:24  Widow Mine  
  33  3:28  SCV x2  
  33  3:33  Marine x2  
  37  3:34  Marine  
  37  3:40  SCV  
  37  3:41  SCV  
  40  3:43  Supply Depot  
  40  3:47  Widow Mine  
  42  3:53  SCV  
  42  3:54  SCV  
  42  3:55  Marine x3  
  45  4:05  SCV  
  45  4:06  SCV  
  45  4:08  Medivac  
  45  4:09  Factory Tech Lab  
  48  4:12  Engineering Bay  
  48  4:17  SCV  
  48  4:18  SCV  
  48  4:22  Marine  
  48  4:23  Marine  
  48  4:24  Supply Depot, Marine  
  52  4:29  Bunker  
  52  4:31  SCV  
  54  4:38  Terran Infantry Weapons Level 1  
  54  4:41  Factory Reactor  
  54  4:44  Missile Turret  
  54  4:46  SCV x2  
  56  4:53  Marine x2, Supply Depot  
  56  4:55  Marine  
  56  4:58  SCV  
  61  5:00  SCV  
  61  5:09  Refinery  
  61  5:11  SCV  
  61  5:12  Combat Shields  
  62  5:14  SCV  
  62  5:15  Supply Depot  
  62  5:16  Supply Depot  
  62  5:21  Medivac  
  65  5:22  Medivac  
  65  5:23  SCV  
  65  5:27  SCV  
  69  5:33  Marine  
  70  5:36  Marine x2  
  70  5:40  SCV x2  
  70  5:42  Supply Depot, Factory Reactor  
  74  5:50  Barracks, Marine  
  74  5:52  SCV x2  
  74  5:54  Marine x2  
  79  5:57  Medivac  
  79  5:58  Medivac  
  83  6:04  Refinery  
  83  6:05  Supply Depot  
  79  6:14  Liberator  
  79  6:16  Command Center  
  79  6:20  SCV x2  
  79  6:21  Marine  
  79  6:22  Marine  
  79  6:23  Marine  
  84  6:31  Liberator  
  87  6:36  SCV x2  
  89  6:41  Marine x2  
  89  6:42  Marine  
  87  6:52  SCV x2  
  92  6:58  Barracks x2  
  92  7:02  Marine x2  
  92  7:03  Marauder, Concussive Shells  
  92  7:05  Widow Mine  
  92  7:06  Widow Mine  
  100  7:11  Supply Depot, SCV  
  100  7:12  SCV  
  102  7:24  Terran Infantry Armor Level 1  
  102  7:27  Marine x2  
  102  7:28  Marauder x2  
  102  7:29  Liberator x2, Supply Depot  
  105  7:31  Orbital Command  
  103  7:45  SCV x2  
  103  7:47  Barracks Reactor  
  103  7:48  Barracks Tech Lab  
  103  7:51  Starport  
  111  7:54  Orbital Command  
  108  7:59  SCV x2  
  108  8:02  Supply Depot  
  110  8:07  Marauder, Marine x2  
  110  8:08  Marauder x2  
  118  8:13  SCV x2  
  120  8:25  SCV x2  
  120  8:26  Supply Depot  
  122  8:27  Viking x2  
  122  8:28  Supply Depot  
  122  8:31  SCV  
  127  8:35  Marauder, Marine  
  127  8:36  Marauder x2, Marine x3  
  127  8:37  SCV x2  
  139  8:45  SCV  
  139  8:47  Refinery x2  
  139  8:48  Armory, Engineering Bay  
  139  8:49  SCV x2  
  139  8:53  Viking  
  143  8:57  Marauder x3  
  143  9:00  Viking x3  
  152  9:08  Marine x3  
  155  9:18  Marauder  
  157  9:26  Supply Depot  
  157  9:27  Marauder x2, Marine x4  
  157  9:28  Supply Depot x2  
  162  9:34  Missile Turret  
  162  9:35  Missile Turret  
  155  9:40  Marauder  
  155  9:42  Medivac x2  
  155  9:45  Marine x2  
  160  9:49  Marauder x2  
  160  9:51  Marine x2  
  165  9:56  Medivac  
  167  10:01  Marauder  
  167  10:02  Marine x2  
  168  10:09  Marine x2  
Tags
 
Add a new tag
Caveats
  • Supply blocks, unpowered buildings, or Contaminate may cause inaccurate times.
  • Supply counts are checked every 10 seconds.